AoeStats
← PoW I Erestor I

Black Forest

503645975Analyzed
3v3 RM · 1mo ago on Sep 1, 2026· 16m 18s· 6 players
Game mode
Random Map
Map size
Normal (6 player)
Population
200
Speed
Normal
Resources
Standard
Victory
Conquest
Starting age
Dark Age
Ending age
Imperial Age
RankedLock teamsTeams togetherTeam positionsShared explorationLock speedFull tech treeHidden civsTurbo modeCheats
Victory
Defeat
🇪🇸 Bohemians · Spain
933
+16
🇪🇸 Celts · Spain
884
+18
🇩🇪 Saracens · Germany
881
+18
🇦🇷 Franks · Argentina
974
-19
🇺🇸 Romans · United States
955
-19
🇩🇪 Bulgarians · Germany
856
-14
minipabloz
0:28 Loom
14:16 Feudal Age
jedoar
0:29 Loom
12:42 Feudal Age
13:31 Double-Bit Axe
PoW I Erestor I
0:28 Loom
11:25 Feudal Age
jabbler
0:32 Loom
11:17 Feudal Age
18:36 Castle Age
jhonzx_11
12:28 Feudal Age
16:26 Castle Age
15:46 Double-Bit Axe
Nopec
1:45 Loom
13:58 Feudal Age
Connection lost

Rejoining the realm…

Still unreachable

The connection could not be restored.

Session expired

The server has moved on; the page needs a fresh start.